 Dungeon Crawl Stone Soup version 0.19.1-1-g22dce08 (webtiles) character file.

129 galech the Ducker (level 4, -1/44 HPs)
             Began as a Troll Fighter on Jan 5, 2017.
             Was an Initiate of Okawaru.
             Slain by galech's ghost (15 damage)
             ... on level 4 of the Dungeon.
             The game lasted 00:04:29 (2132 turns).

galech the Ducker (Troll Fighter)                   Turns: 2132, Time: 00:04:30

Health: -1/44      AC:  7    Str: 25    XL:     4   Next: 88%
Magic:  3/3        EV:  8    Int:  4    God:    Okawaru [......]
Gold:   188        SH:  9    Dex:  9    Spells: 0 memorised, 3 levels left

rFire  . . .     SeeInvis .     l - +0 mace
rCold  . . .     Gourm    +     u - +0 robe (curse)
rNeg   . . .     Faith    .     c - +0 shield
rPois  .         Spirit   .     (helmet restricted)
rElec  .         Reflect  .     (no cloak)
rCorr  .         Harm     .     (gloves unavailable)
MR     .....                    (boots unavailable)
Stlth  +.........               (no amulet)
                                (no ring)
                                h - +2 ring of protection

@: no status effects
A: unfitting armour, claws 3, fast metabolism 3, gourmand, regeneration 1,
shaggy fur 1, tough skin 2
a: Renounce Religion


You were on level 4 of the Dungeon.
You worshipped Okawaru.
Okawaru was noncommittal.
You were completely stuffed.

You visited 1 branch of the dungeon, and saw 4 of its levels.

You collected 188 gold pieces.

Inventory:

Hand Weapons
 a - a +0 flail
 l - a +0 mace (weapon)
Armour
 b - a +0 robe
 c - a +0 shield (worn)
 u - a cursed +0 robe (worn)
Jewellery
 h - a +2 ring of protection (left claw)
Scrolls
 e - a scroll of blinking {unknown}
 i - 2 scrolls of teleportation {unknown}
 j - 3 scrolls of enchant weapon {unknown}
 k - a scroll of fear {unknown}
 n - a scroll of immolation {unknown}
 o - 2 scrolls of noise {unknown}
 q - 3 scrolls of remove curse {unknown}
 r - 2 scrolls of identify {unknown}
Potions
 d - a potion of might
 m - 2 potions of agility {unknown}
 s - 2 potions of curing {unknown}
 t - a potion of ambrosia {unknown}
Comestibles
 f - 2 bread rations
 g - a meat ration
 v - a beef jerky


   Skills:
 + Level 2.6 Fighting
 + Level 3.1 Maces & Flails
 + Level 3.2 Dodging
 + Level 3.0 Shields


You had 3 spell levels left.
You didn't know any spells.

Dungeon Overview and Level Annotations

Branches:
Dungeon (4/15)
 Temple: D:4-7

Altars:
Kikubaaqudgha
Okawaru
Sif Muna
Vehumet

Annotations:
D:4 galech's ghost, amateur TrFi


Innate Abilities, Weirdness & Mutations

You are too large for most types of armour.
You have claws for hands.
Your metabolism is lightning-fast.
You like to eat raw meat.
Your natural rate of healing is unusually fast.
You are covered in fur. (AC +1)
You have very tough skin. (AC +2)


Message History

You block galech's ghost's attack. Galech's ghost barely misses you.
You hit galech's ghost but do no damage.
Galech's ghost is lightly damaged.
Galech's ghost barely misses you.
You hit galech's ghost but do no damage.
Galech's ghost is lightly damaged.
You block galech's ghost's attack.
You hit galech's ghost but do no damage.
Galech's ghost is lightly damaged.
Galech's ghost hits you!
* * * LOW HITPOINT WARNING * * *
You block galech's ghost's attack.
You are too injured to fight recklessly!
You are too injured to fight recklessly!
You are too injured to fight recklessly!
You are too injured to fight recklessly!
You are too injured to fight recklessly!
You are too injured to fight recklessly!
Galech's ghost hits you!
You die...

##._. #..######..#
#8...##..........#
#...8#..######.##
## #.##...# #.#
#...#..#...# #.#
#_....⌠...## #<###
#...#.....# #...#
# #.#.#.# ###.#
#...##@# #.# #8.:.
#W...# # #.# ##._.
#####.#. #.#
################
#.# #.#
#............).#
#.# #.#
#)########...>.#
#.# #.# #.#
#..#### #.# #.#
#.# #..#
###.####.# #.#
#[.# #........#


You could see galech's ghost.

Vanquished Creatures
  Jessica (D:2)
  3 adders (D:2)
  An ooze (D:3)
  A leopard gecko (D:3)
  6 bats (D:1)
  7 giant cockroaches
  11 goblins
  9 hobgoblins
  7 jackals (D:3)
  A ball python (D:2)
  6 frilled lizards
  5 kobolds (D:1)
  8 rats
66 creatures vanquished.

Notes
Turn   | Place    | Note
-------+----------+-------------------------------------------
     0 | D:1      | galech the Troll Fighter began the quest for the Orb.
     0 | D:1      | Reached XP level 1. HP: 22/22 MP: 0/0
   222 | D:1      | Reached XP level 2. HP: 29/29 MP: 1/1
   868 | D:2      | Reached XP level 3. HP: 30/36 MP: 2/2
   997 | D:2      | Noticed Jessica
  1010 | D:2      | Killed Jessica
  1010 | D:2      | Reached XP level 4. HP: 27/44 MP: 3/3
  1202 | D:2      | Found an iron altar of Okawaru.
  1910 | D:2      | Became a worshipper of Warmaster Okawaru
  2047 | D:4      | Found an ancient bone altar of Kikubaaqudgha.
  2049 | D:4      | Found a radiant altar of Vehumet.
  2049 | D:4      | Noticed galech's ghost (amateur TrFi)
  2050 | D:4      | Found a deep blue altar of Sif Muna.
  2132 | D:4      | Slain by galech's ghost

Skill      XL: |  1  2  3  4 |
---------------+-------------+-----
Maces & Flails | 2 3 |  3.1
Dodging        | 3 |  3.2
Shields        | 3 |  3.0
Fighting       | |  2.6

Action                   |  1- 3 |  4- 6 || total
-------------------------+-------+-------++-------
Melee: Flail             |    84 |       ||    84
       Mace              |    69 |   129 ||   198
  Eat: Chunk             |    15 |    11 ||    26
Armor: Robe              |    70 |    62 ||   132
Dodge: Dodged            |    70 |    46 ||   116
Block: Shield            |    90 |    82 ||   172
